 Dungeon Crawl Stone Soup version 0.28-a0-1555-g9ae15a6949 (webtiles) character file.

Game seed: 6216081637743624410

74 HallandMoats the Skirmisher (level 4, 0/40 HPs)
             Began as a Ghoul Monk on Jan 18, 2022.
             Was a Follower of Uskayaw.
             Slain by Sigmund (9 damage)
             ... on level 2 of the Dungeon.
             The game lasted 00:01:39 (1553 turns).

HallandMoats the Skirmisher (Ghoul Monk)            Turns: 1553, Time: 00:01:40

Health: 0/40       AC:  2    Str: 16    XL:     4   Next: 28%
Magic:  3/3        EV: 12    Int:  5    God:    Uskayaw [*.....]
Gold:   44         SH:  0    Dex: 11    Spells: 3/3 levels left

rFire   . . .      SeeInvis .     - Unarmed
rCold   + . .      Faith    .   (no shield)
rNeg    + + +      Spirit   .   a - +0 robe
rPois   ∞          Reflect  .   (no helmet)
rElec   .          Harm     .   (no cloak)
rCorr   .          Rampage  .   (no gloves)
Will    .....                   (no boots)
Stlth   ++........              (no amulet)
HPRegen 0.00/turn               (no ring)
MPRegen 0.08/turn               (no ring)

@: inhibited regen
A: claws 1, cold resistance 1, negative energy resistance 3, inhibited
regeneration, torment resistance 2
a: Renounce Religion, Stomp


You were on level 2 of the Dungeon.
You worshipped Uskayaw.
Uskayaw was noncommittal.
You visited 1 branch of the dungeon, and saw 2 of its levels.

You collected 44 gold pieces.

Inventory:

Armour
 a - a +0 robe (worn)
Jewellery
 b - a ring of wizardry
Scrolls
 c - a scroll of amnesia {unknown}


   Skills:
 * Level 4.0 Fighting
 * Level 1.5 Axes
 + Level 0.7 Armour
 + Level 3.0 Dodging
 - Level 2.1 Stealth
 + Level 1.0 Shields
 - Level 3.2 Unarmed Combat
 + Level 1.0 Invocations


You had 3 spell levels left.
You didn't know any spells.
Your spell library was empty.

Dungeon Overview and Level Annotations

Branches:
Dungeon (2/15)

Altars:
Uskayaw

Shops:
D:1 ?

Annotations:
D:2 Sigmund


Innate Abilities, Weirdness & Mutations

You thrive by killing the living.
You are immune to poison.
You have sharp fingernails.
Your flesh is cold resistant. (rC+)
You are immune to negative energy. (rN+++)
You do not regenerate when monsters are visible.
You are immune to unholy pain and torment.


Message History

The quokka closely misses you. The bat barely misses you.
The hobgoblin barely misses you. The quokka bites you.
Sigmund says, "Your kind have come here before.
I understand now why.
You desire death..."
The bat hits you but does no damage.
Sigmund casts a spell.
Sigmund flickers and vanishes!
Deactivating autopickup; reactivate with Ctrl-A.
The bat closely misses you. Something barely misses you.
You feel less confused. The bat closely misses you.
The quokka barely misses you. The bat hits you but does no damage.
The bat hits you but does no damage. The bat barely misses you.
The bat closely misses you. The bat barely misses you.
The bat hits you but does no damage. The bat hits you but does no damage.
It was a potion of lignification.
You feel woody for a moment. The bat closely misses you.
You barely miss the bat. The bat hits you but does no damage.
The bat misses you.
The quokka twitches its whiskers.
You closely miss the bat. The bat closely misses you. x2
The quokka twitches its whiskers.
You scratch the bat.
You kill the bat!
You feel better.
You scratch the quokka.
You kill the quokka!
Something hits you.
You scratch something but do no damage. Your claw misses something.
Something hits you.
You scratch something but do no damage. Something hits you.
* * * LOW HITPOINT WARNING * * *
You barely miss something. You scratch something.
You hear a zap.
You closely miss something. Something hits you!
You die...

# ##. #... #####....
#........ ####.#......
##......[..♣. #
###############............ #
##...#.....@{g............♣.
#
##.....)########.............
# #.......# #...........♣.
#####.......# #.............
............# #.............
#..........## ♣.♣.♣.......).
#####.......# #.............
...##.......# ♣...♣.........
##.##.......# #....(.^...#.#.


You could see a hobgoblin.

Vanquished Creatures
  An adder (D:2)
  A worm (D:2)
  A dart slug (D:2)
  11 endoplasms
  6 giant cockroaches (D:1)
  3 goblins
  3 hobgoblins (D:1)
  6 jackals (D:1)
  3 kobolds (D:1)
  2 quokkas
  3 ball pythons (D:1)
  3 bats
  2 frilled lizards (D:1)
  7 rats (D:1)
52 creatures vanquished.

Notes
Turn   | Place    | Note
-------+----------+-------------------------------------------
     0 | D:1      | HallandMoats the Ghoul Monk began the quest for the Orb.
     0 | D:1      | Reached XP level 1. HP: 19/19 MP: 0/0
     1 | D:1      | Found a runed translucent door.
   315 | D:1      | Reached XP level 2. HP: 26/26 MP: 1/1
   607 | D:1      | Found a faded altar of an unknown god.
   624 | D:1      | Reached skill level 1 in Axes
   638 | D:1      | Prayed at the altar of an unknown god.
   638 | D:1      | Became a worshipper of Uskayaw the Reveller
   638 | D:1      | Reached * piety under Uskayaw
   638 | D:1      | Reached ** piety under Uskayaw
   858 | D:1      | Reached XP level 3. HP: 32/33 MP: 2/2
   940 | D:1      | Found Kupaatiu's Magic Scroll Shoppe.
  1103 | D:1      | Reached *** piety under Uskayaw
  1295 | D:2      | Reached XP level 4. HP: 27/40 MP: 3/3
  1300 | D:2      | Reached skill level 4 in Fighting
  1300 | D:2      | Reached skill level 1 in Invocations
  1495 | D:2      | Reached skill level 1 in Shields
  1510 | D:2      | Noticed Sigmund
  1553 | D:2      | Slain by Sigmund

Illustrated notes

Levels and vault maps discovered:
D:1:      dpeg_arrival_caged_fury, layout_loops_ring,
          dreamdust_ecumenical_altar_statues, serial_shops,
          nicolae_shop_behind_doors
D:2:      layout_rooms, serial_forest, infiniplex_forest_lined_4_way,
          infiniplex_forest_straight_5, infiniplex_forest_lined_corner,
          infiniplex_forest_lined_room_, hex_medium, uniq_jessica, uniq_sigmund

Skill      XL: |  1  2  3  4 |
---------------+-------------+-----
Axes           | 1 |  1.5
Fighting       | 4 |  4.0
Invocations    | 1 |  1.0
Dodging        | 3 |  3.0
Shields        | 1 |  1.0
Armour         | |  0.7
Stealth        | |  2.1
Unarmed Combat | |  3.2

Action                   |  1- 3 |  4- 6 || total
-------------------------+-------+-------++-------
Melee: Unarmed           |   126 |    30 ||   156
       Punch             |     5 |       ||     5
  Use: Potion            |       |     1 ||     1
 Stab: Sleeping          |     3 |     1 ||     4
       Paralysed         |     1 |     1 ||     2
Armor: Robe              |    18 |    10 ||    28
Dodge: Dodged            |    66 |    44 ||   110

Table legend: (Time is in decaauts)
 A = Elapsed time spent in this place.
 B = Non-inter-level travel time spent in this place.
 C = Inter-level travel time spent in this place.
 D = Time resting spent in this place.
 E = Time spent auto-exploring this place.
 F = Levels seen in this place.
 G = Mean time per level.
                   A        B        C        D        E       F      G
               +--------+--------+--------+--------+--------+-----+--------+
         Total |   1544 |   1539 |      5 |    194 |   1001 |   2 |  772.0 |
       Dungeon |   1544 |   1539 |      5 |    194 |   1001 |   2 |  772.0 |
               +--------+--------+--------+--------+--------+-----+--------+

Top non-repeatable levels by time:
     D:1: 1280 daAuts
     D:2: 264 daAuts
